 Dungeon Crawl Stone Soup version 0.30.0-17-ge0270778cf (webtiles) character file.

Game seed: 15374661286411045951

86 Kenran the Slasher (level 4, 0/34 (35) HPs)
             Began as a Formicid Fighter on May 21, 2023.
             Slain by a gnoll
             ... wielding a +0 halberd
              (9 damage)
             ... on level 2 of the Dungeon.
             The game lasted 00:02:23 (1556 turns).

Kenran the Slasher (Formicid Fighter)               Turns: 1556, Time: 00:02:24

HP:   0/34 (35)     AC: 11    Str: 21    XL:     4   Next: 77%
MP:   4/4           EV:  5    Int:  7    God:
Gold: 120           SH:  5    Dex: 15    Spells: 3/3 levels left

rFire   . . .        a - +0 long sword
rCold   . . .        c - +0 buckler
rNeg    . . .        h - +0 plate armour
rPois   .            (helmet unavailable)
rElec   .            (no cloak)
rCorr   .            (no gloves)
SInv    +            (no boots)
Will    .....        (no amulet) Stlth
                     (no ring)
HPRegen 0.25/turn    (no ring)
MPRegen 0.09/turn

%: no passive effects
@: lightly drained
A: permanent stasis, dig shafts and tunnels, antennae 3, four strong arms
a: Dig, Shaft Self


You were on level 2 of the Dungeon.
You visited 1 branch of the dungeon, and saw 2 of its levels.

You collected 120 gold pieces.

Inventory:

Hand Weapons
 a - a +0 long sword (weapon)
Armour
 c - a +0 buckler (worn)
 h - a +0 plate armour (worn)
Scrolls
 e - a scroll of fear {unknown}
 f - 2 scrolls of noise {unknown}
 g - a scroll of poison {unknown}
 i - a scroll of identify {unknown}
 j - 3 scrolls of teleportation {unknown}
 k - a scroll of blinking {unknown}
 o - a scroll of amnesia {unknown}
Potions
 b - a potion of curing {unknown}
 d - 2 potions of might
 l - 2 potions of haste {unknown}
 m - a potion of invisibility {unknown}
 n - 2 potions of lignification {unknown}
 p - a potion of cancellation {unknown}


   Skills:
 - Level 3.2 Fighting
 + Level 4.6 Long Blades
 - Level 3.2 Armour
 - Level 4.0 Shields


You had 3 spell levels left.
You didn't know any spells.
Your spell library contained the following spells:

 Spells                   Type           Power      Damage    Failure   Level
 Ignite Poison            Fire/Tmut/Pois 0%         N/A       100%        3
 Sticky Flame             Conj/Fire      0%         2d3       100%        4
 Ignition                 Fire           0%         3d3       100%        8


Dungeon Overview and Level Annotations

Branches:
Dungeon (2/15)

Altars:
Trog

Shops:
D:1 [


Innate Abilities, Weirdness & Mutations

You cannot be hasted, slowed, berserked, paralysed or teleported.
You can dig through walls and to a lower floor.
You have a pair of large antennae on your head. (SInv)
Your four strong arms can wield two-handed weapons with a shield.


Message History

You block the endoplasm's attack.
You barely miss the endoplasm. The endoplasm freezes you.
You are frozen.
You hit the endoplasm but do no damage.
The endoplasm jiggles.
The endoplasm barely misses you.
You slash the endoplasm!
You kill the endoplasm!
No target in view!
No target in view!
q - a ring of wizardry You drop a ring of wizardry.
You sense a monster nearby.
Found a whip.
A gnoll comes into view. It is wielding a +0 halberd.
The gnoll shouts!
You hear a shout! x2
The gnoll closely misses you.
A gnoll comes into view. It is wielding a +0 falchion.
A gnoll comes into view.
It is wielding a +1 flail of holy wrath.
The gnoll barely misses you.
You barely miss the gnoll.
The gnoll shouts!
The gnoll hits you with a +0 halberd! The gnoll hits you with a +0 halberd.
You are too injured to fight recklessly!
You are too injured to fight recklessly!
You hit the gnoll.
The gnoll is lightly wounded.
The gnoll hits you with a +0 halberd.
You completely miss the gnoll.
The gnoll is lightly wounded.
The gnoll hits you with a +0 halberd.
* * * LOW HITPOINT WARNING * * *
You closely miss the gnoll.
The gnoll is lightly wounded.
The gnoll barely misses you.
You hit the gnoll.
The gnoll is heavily wounded.
The gnoll hits you with a +0 halberd!
You die...

#.# #.# #.# #.#
#.# #.# ..# #.#
..# #.# ..# #g#
..# #g# ..# #g#
..# #@# .## #.# .#
#.# .# #.# .# #.#
.# #.#
################.#
#...............#
#.###############


You could see 3 gnolls.

Vanquished Creatures
  An adder (D:2)
  4 gnolls (D:2)
  2 dart slugs (D:1)
  4 ball pythons
  6 endoplasms
  A goblin (D:1)
  6 hobgoblins
  3 bats (D:1)
  2 frilled lizards
  A kobold (D:2)
  3 rats (D:1)
33 creatures vanquished.

Notes
Turn   | Place    | Note
-------+----------+-------------------------------------------
     0 | D:1      | Kenran the Formicid Fighter began the quest for the Orb.
     0 | D:1      | Reached XP level 1. HP: 18/18 MP: 1/1
   180 | D:1      | Found Syalateu's Armour Boutique.
   227 | D:1      | Reached XP level 2. HP: 24/24 MP: 2/2
   561 | D:1      | Reached XP level 3. HP: 25/29 MP: 3/3
  1155 | D:2      | Found a bloodstained altar of Trog.
  1169 | D:2      | Reached XP level 4. HP: 14/31 MP: 4/4
  1408 | D:2      | Found a faded altar of an unknown god.
  1556 | D:2      | Slain by a gnoll

Illustrated notes

Levels and vault maps discovered:
D:1:      shiori_angband_town, layout_loops_ring, serial_shops, shop,
          hangedman_decor_points
D:2:      layout_loops_ring, basic_ecumenical_altar, basic_altar,
          minmay_pentomino_v2

Skill      XL: |  1  2  3 |
---------------+----------+-----
Long Blades    | 3 4 |  4.6
Fighting       | |  3.2
Armour         | |  3.2
Shields        | |  4.0

Action                     |  1- 3 |  4- 6 || total
---------------------------+-------+-------++-------
  Melee: Long sword        |    79 |    22 ||   101
Ability: Dig               |     1 |       ||     1
    Use: Potion            |     1 |       ||     1
 Armour: Scale mail        |    23 |       ||    23
         Plate armour      |    29 |     6 ||    35
  Dodge: Dodged            |    25 |     6 ||    31
  Block: Buckler           |    16 |     4 ||    20
